AoeStats
← Khudalzk

Nomad

508913246Analyzed
2v2 RM · 8d ago on Sep 24, 2026· 72m 57s· 4 players
Game mode
Random Map
Map size
176×176
Population
200
Speed
Normal
Resources
Standard
Victory
Conquest
Starting age
Dark Age
Ending age
Imperial Age
RankedLock teamsTeams togetherTeam positionsShared explorationLock speedFull tech treeHidden civsTurbo modeCheats
Victory
Defeat
🇨🇿 Poles · Czechia
853
+17
🇨🇿 Sicilians · Czechia
830
+18
🇩🇪 Slavs · Germany
886
-19
🇩🇪 Danes · Germany
849
-16
Khudalzk
3:49 Loom
6:49 Loom
14:05 Feudal Age
14:37 Town Watch
15:29 Horse Collar
17:28 Fishing Lines
18:02 Double-Bit Axe
24:16 Castle Age
22:27 Arson
23:40 Scale Mail Armor
23:50 Forging
24:39 Fletching
27:45 Chain Mail Armor
28:06 Iron Casting
29:48 Heavy Plow
30:47 Bodkin Arrow
37:18 Imperial Age
36:28 Gold Mining
40:33 Bloodlines
39:44 Light Cavalry
49:21 Blast Furnace
50:06 Husbandry
52:58 First Crusade
52:59 Conscription
55:31 Pikeman
56:12 Squires
57:22 Crop Rotation
57:33 Scale Barding Armor
57:40 Halberdier
58:41 Stone Mining
65:01 Spies/Treason
68:59 Heated Shot
70:04 Stone Shaft Mining
69:59 Clinker Construction
70:01 Careening
70:35 Ballistics
71:19 Chemistry
70:39 Medium Warships
honza.pokorny25
14:04 Feudal Age
15:53 Double-Bit Axe
15:50 Horse Collar
17:00 Wheelbarrow
18:03 Fishing Lines
18:47 Bloodlines
20:54 Bloodlines
25:52 Castle Age
26:13 Scale Mail Armor
26:19 Scale Barding Armor
27:30 Light Cavalry
28:11 Husbandry
29:07 Bow Saw
29:05 Heavy Plow
31:03 Szlachta Privileges
31:14 Forging
31:19 Chain Mail Armor
38:28 Imperial Age
40:44 Cavalier
41:04 Pikeman
41:44 Squires
42:00 Capped Ram
48:03 Winged Hussar
50:18 Lechitic Legacy
54:09 Chain Barding Armor
54:19 Plate Mail Armor
54:24 Iron Casting
55:24 Elite Obuch
60:04 Conscription
60:39 Spies/Treason
63:41 Sappers
64:46 Hoardings
64:17 Padded Archer Armor
64:08 Fletching
65:19 Blast Furnace
63:57 Demolition Ship
64:49 Medium Warships
64:31 Gillnets
64:41 Herbal Medicine
65:21 Theocracy
67:55 Ballistics
68:35 Chemistry
67:26 Guard Tower
67:47 Fortified Wall
67:32 Murder Holes
67:48 Masonry
67:19 Treadmill Crane
67:45 Siege Engineers
67:50 Careening
67:51 Clinker Construction
67:26 Arrowslits
67:45 Onager
71:00 Caravan
71:30 Coinage
72:19 Heavy Warships
72:19 Leather Archer Armor
72:00 Bodkin Arrow
72:44 Keep
72:31 Bombard Tower
madmax
3:45 Loom
15:45 Feudal Age
16:13 Horse Collar
16:20 Double-Bit Axe
16:21 Fishing Lines
17:36 Gold Mining
22:32 Castle Age
22:29 Stone Mining
23:26 Fletching
23:37 Padded Archer Armor
24:25 Gold Shaft Mining
25:21 Wheelbarrow
25:51 Medium Warships
26:35 Bow Saw
26:29 Bodkin Arrow
27:34 Leather Archer Armor
27:48 Crossbowman
28:34 Thumb Ring
32:48 Gillnets
38:49 Hand Cart
40:05 Town Watch
44:52 Imperial Age
42:43 Scale Mail Armor
42:55 Forging
43:14 Arson
43:30 Squires
44:25 Chain Mail Armor
44:46 Hamask
45:47 Elite Longship
49:05 Clinker Construction
50:28 Clinker Construction
54:03 Carvel Hull
54:05 Ballistics
54:53 Bracer
55:49 Careening
baeda-frank-tsg
3:49 Loom
15:28 Feudal Age
16:23 Double-Bit Axe
20:53 Castle Age
19:00 Horse Collar
20:09 Gold Mining
20:50 Stone Mining
22:01 Wheelbarrow
21:55 Bow Saw
24:00 Hand Cart
25:01 Scale Mail Armor
29:42 Fletching
29:16 Pikeman
34:22 Imperial Age
31:51 Bodkin Arrow
32:07 Forging
33:09 Chain Mail Armor
33:55 Town Watch
36:15 Two-Man Saw
36:09 Conscription
37:58 Detinets
38:45 Plate Mail Armor
40:32 Halberdier
43:13 Iron Casting
45:09 Blast Furnace
48:41 Scale Barding Armor
48:19 Elite Boyar
50:36 Chain Barding Armor
55:26 Plate Barding Armor
Connection lost

Rejoining the realm…

Still unreachable

The connection could not be restored.

Session expired

The server has moved on; the page needs a fresh start.